 Dungeon Crawl Stone Soup version 0.20.0-8-g6b59dc7 (webtiles) character file.

117 Kiel97 the Ruffian (level 5, -1/41 HPs)
             Began as a Ghoul Wizard on May 30, 2017.
             Was an Initiate of Yredelemnul.
             Slain by an orc wizard
             ... wielding a +0 dagger
              (6 damage)
             ... in the Ecumenical Temple.
             The game lasted 00:09:38 (4447 turns).

Kiel97 the Ruffian (Ghoul Wizard)                   Turns: 4447, Time: 00:09:39

Health: -1/41      AC:  2    Str: 12    XL:     5   Next: 1%
Magic:  1/8        EV: 12    Int: 13    God:    Yredelemnul [......]
Gold:   106        SH:  0    Dex:  7    Spells: 2/9 levels left

rFire    . . .     SeeInvis .     - Unarmed
rCold    + . .     Gourm    .   (no shield)
rNeg     + + +     Faith    .   a - +0 robe
rPois    ∞         Spirit   .   b - +0 hat
rElec    .         Reflect  .   (no cloak)
rCorr    .         Harm     .   (no gloves)
MR       .....                  (no boots)
Stlth    ++........             (no amulet)
Regen    0.0/turn               (no ring)
MPRegen  0.2/turn               (no ring)

@: rotting
A: rotting body, claws 1, carnivore 3, cold resistance 1, negative energy
resistance 3, inhibited regeneration, torment resistance, unbreathing
a: Renounce Religion


You were in the Ecumenical Temple.
You worshipped Yredelemnul.
Yredelemnul was noncommittal.
You were not hungry.

You visited 2 branches of the dungeon, and saw 5 of its levels.

You collected 106 gold pieces.

Inventory:

Hand Weapons
 e - a +0 dagger
Missiles
 f - 42 sling bullets
 i - 52 stones (quivered)
Armour
 a - a +0 robe (worn)
 b - a +0 hat (worn)
Jewellery
 h - an uncursed ring of magical power {unknown}
 j - an uncursed ring of ice {unknown}
 k - an uncursed ring of wizardry {unknown}
 o - an uncursed ring of wizardry {unknown}
 s - a +4 ring of protection {unknown}
Scrolls
 g - a scroll of amnesia {unknown}
 l - a scroll of remove curse
 m - a scroll of recharging {unknown}
 n - a scroll of identify {unknown}
 r - 2 scrolls of fog {unknown}
 t - a scroll of teleportation {unknown}
Potions
 p - a potion of agility {unknown}
 q - a potion of might {unknown}
 u - a potion of brilliance {unknown}
 v - a potion of curing {unknown}
 x - a potion of lignification {unknown}
Books
 c - a book of Minor Magic

   Spells                             Type                      Level
   a - Magic Dart                     Conjuration                  1
   b - Blink                          Translocation                2
   c - Call Imp                       Summoning                    2
   d - Slow                           Hexes                        2
   e - Conjure Flame                  Conjuration/Fire             3
   f - Mephitic Cloud                 Conjuration/Poison/Air       3
Comestibles
 d - 5 meat rations
 w - 5 chunks of flesh


   Skills:
 + Level 2.1 Fighting
 - Level 1.7 Dodging
 - Level 2.1 Stealth
 * Level 4.1 Unarmed Combat
 - Level 2.6 Spellcasting
 - Level 0.7 Conjurations
 - Level 0.8 Summonings
 - Level 0.8 Translocations


You had 2 spell levels left.
You knew the following spells:

 Your Spells              Type           Power        Failure   Level  Hunger
a - Magic Dart            Conj           #...         19%         1    #......
b - Call Imp              Summ           #.......     26%         2    ###....
c - Blink                 Tloc           N/A          26%         2    ###....
d - Slow                  Hex            #.......     34%         2    ###....


Dungeon Overview and Level Annotations

Branches:
Dungeon (4/15)             Temple (1/1) D:4

Altars:
Ashenzari
Cheibriados
Elyvilon
Fedhas
Gozag
Kikubaaqudgha
Makhleb
Nemelex Xobeh
Okawaru
Ru
Sif Muna
Uskayaw
Vehumet
Xom
Yredelemnul
Zin

Annotations:
D:3 Kiel97's ghost, amateur DrWn


Innate Abilities, Weirdness & Mutations

Your body is rotting away.
You thrive on raw meat.
You are immune to poison.
You have sharp fingernails.
You are carnivorous and can eat meat at any time.
Your flesh is cold resistant. (rC+)
You are immune to negative energy. (rN+++)
You do not regenerate when monsters are visible.
You are immune to unholy pain and torment.
You can survive without breathing.


Message History

You climb downwards.
Welcome back to the Ecumenical Temple!
There is a staircase back to the Dungeon here.
You scratch the orc wizard but do no damage.
The orc wizard is moderately wounded.
The orc wizard hits you with a dagger.
* * * LOW HITPOINT WARNING * * *
You scratch the orc wizard but do no damage.
The orc wizard is moderately wounded.
The orc wizard hits you with a dagger.
* * * LOW HITPOINT WARNING * * *
Casting: Magic Dart
Confirm with . or Enter, or press ? or * to list all spells.
Aiming: Magic Dart
Press: ? - help, Shift-Dir - straight line, f - orc wizard
Aim: an orc wizard, wielding a dagger and wearing a robe (moderately wounded)
The magic dart hits the orc wizard.
The orc wizard is heavily wounded.
The orc wizard hits you with a dagger.
You die...
Yredelemnul claims you as an undead slave.

.##...........##
..#............##
_...............##
..#.##.##........#
.##.#...#........##
......_...........#
.##.#...#.##.##...#
..#.##.##.#...#..)#
_..........._...@)#
..#.##.##.#...#..o#
.##.#...#.##.##...#
......_...........#
.##.#...#........##
..#.##.##........#
_...............##
..#............##
.##...........##


You could see an orc wizard.

Vanquished Creatures
  An orc priest (Temple)
  An adder (D:2)
  An ooze (D:1)
  A worm (D:3)
  A leopard gecko (D:3)
  2 orcs (Temple)
  2 giant cockroaches
  9 hobgoblins
  6 jackals
  10 kobolds
  3 ball pythons
  4 bats
  3 frilled lizards (D:2)
  8 goblins
  4 rats
56 creatures vanquished.

Vanquished Creatures (collateral kills)
  A worm (D:2)
  A goblin (D:1)
  A hobgoblin (D:1)
  3 jackals (D:1)
  A frilled lizard (D:2)
7 creatures vanquished.

Grand Total: 63 creatures vanquished

Notes
Turn   | Place    | Note
-------+----------+-------------------------------------------
     0 | D:1      | Kiel97 the Ghoul Wizard began the quest for the Orb.
     0 | D:1      | Reached XP level 1. HP: 14/14 MP: 3/3
   100 | D:1      | Reached skill level 1 in Unarmed Combat
   180 | D:1      | Reached XP level 2. HP: 9/21 MP: 0/4
   316 | D:1      | Learned a level 2 spell: Call Imp
   831 | D:1      | Reached skill level 2 in Unarmed Combat
  1217 | D:1      | Reached XP level 3. HP: 26/27 MP: 0/6
  1319 | D:1      | Reached skill level 1 in Fighting
  1638 | D:2      | Learned a level 2 spell: Blink
  1641 | D:2      | Learned a level 2 spell: Slow
  1811 | D:1      | HP: 1/28 [hobgoblin/club (7)]
  2373 | D:2      | Reached skill level 3 in Unarmed Combat
  2798 | D:2      | Reached XP level 4. HP: 26/35 MP: 3/7
  3060 | D:3      | Noticed Kiel97's ghost (amateur DrWn)
  3303 | D:3      | Found a faded altar of an unknown god.
  4068 | D:4      | Noticed an ogre
  4068 | D:4      | Noticed an ogre
  4120 | D:4      | Found a staircase to the Ecumenical Temple.
  4131 | Temple   | Entered the Ecumenical Temple
  4325 | Temple   | Became a worshipper of Yredelemnul the Dark
  4352 | D:4      | Noticed an ogre
  4396 | Temple   | Reached skill level 4 in Unarmed Combat
  4396 | Temple   | Reached XP level 5. HP: 36/41 MP: 8/8
  4447 | Temple   | Slain by an orc wizard

Skill      XL: |  1  2  3  4 |
---------------+-------------+-----
Unarmed Combat | 1 2 3 4 |  4.1
Fighting       | 1 2 |  2.1
Dodging        | |  1.7
Stealth        | |  2.1
Spellcasting   | |  2.6
Conjurations   | |  0.7
Summonings     | |  0.8
Translocations | |  0.8

Action                   |  1- 3 |  4- 6 || total
-------------------------+-------+-------++-------
Melee: Dagger            |    30 |       ||    30
       Unarmed           |    70 |    75 ||   145
       Punch             |     1 |     1 ||     2
 Cast: Magic Dart        |    57 |    25 ||    82
       Call Imp          |     6 |     1 ||     7
  Use: Scroll            |       |     1 ||     1
  Eat: Chunk             |     8 |     6 ||    14
Armor: Robe              |    15 |    12 ||    27
Dodge: Dodged            |    63 |    61 ||   124
